 Dungeon Sprint DCSS version 0.18-a0-1774-gce1f7b6 (webtiles) character file.

3357 Radrad the Fighter (level 9, -3/79 HPs)
             Began as a Demonspawn Fighter on Apr 16, 2016.
             Was the Champion of Pakellas.
             Slain by a giant leech (19 damage)
             ... in the Dungeon (Sprint IX: "|||||||||||||||||||||||||||||").
             The game lasted 00:03:06 (1029 turns).

Radrad the Fighter (Demonspawn Fighter)             Turns: 1029, Time: 00:03:07

Health: -3/79      AC: 17    Str: 24    XL:     9   Next: 73%
Magic:  15/15      EV: 10    Int: 12    God:    Pakellas [******]
Gold:   0          SH: 12    Dex: 14    Spells: 0 memorised, 8 levels left

rFire  . . .     SeeInvis .     a - +0 flail
rCold  . . .     Gourm    .     q - +0 plate armour
rNeg   . . .     Faith    .     c - +0 shield
rPois  .         Spirit   .     (helmet restricted)
rElec  .         Dismiss  .     p - +0 cloak
rCorr  .         Reflect  .     (no gloves)
SustAt .         Harm     .     o - +0 pair of boots
MR     .....     NoTele   +     (no amulet)
Stlth  ..........               s - +3 ring of intelligence
                                r - +2 ring of evasion

@: mighty, not resistant to hostile enchantments, extremely unstealthy
A: horns 1, demonic guardian 2, powered by pain 3
a: Quick Charge, Device Surge, Supercharge, Renounce Religion


You were in the Dungeon.
You worshipped Pakellas.
Pakellas was exalted by your worship.
You were not hungry.

You visited 1 branch

Inventory:

Hand Weapons
 a - a +0 flail (weapon)
Armour
 c - a +0 shield (worn)
 o - a +0 pair of boots (worn)
 p - a +0 cloak (worn)
 q - a +0 plate armour (worn)
Rods
 D - a +6 rod of clouds (10/10)
   (Pakellas gifted it to you in the Dungeon)
Jewellery
 r - a +2 ring of evasion (left hand)
 s - a +3 ring of intelligence (right hand)
Wands
 b - a wand of flame (29/48)
 n - a wand of acid (0/15)
 u - a wand of paralysis (13/24)
Scrolls
 k - 2 scrolls of blinking
 l - 4 scrolls of remove curse
 m - 2 scrolls of amnesia
 z - 2 scrolls of recharging
 A - a scroll of fear
 B - a scroll of identify
 C - 2 scrolls of enchant weapon
Potions
 d - a potion of might
 e - 5 potions of curing
 g - 3 potions of heal wounds
 h - 3 potions of haste
 i - 4 potions of magic
 j - a potion of invisibility
 w - a potion of brilliance
 x - a potion of berserk rage
Books
 y - the Handbook of Absolutism
   (You found it in the Dungeon)

   Spells                             Type                      Level
   a - Animate Skeleton               Necromancy                   1
   b - Pain                           Necromancy                   1
   c - Sublimation of Blood           Necromancy                   2
   d - Cure Poison                    Poison                       2
   e - Spider Form                    Transmutation/Poison         3
   f - Excruciating Wounds            Charms/Necromancy            5
   g - Simulacrum                     Ice/Necromancy               6
Miscellaneous
 t - a box of beasts {used: 2}
 v - a phial of floods
Comestibles
 f - a bread ration


   Skills:
 + Level 10.6 Fighting
 * Level 8.4 Maces & Flails
 + Level 10.1 Armour
 + Level 4.8 Dodging
 + Level 10.5 Shields
 * Level 8.7 Evocations


You had 8 spell levels left.
You didn't know any spells.

Dungeon Overview and Level Annotations

Branches:
Dungeon (1/1)

Altars:
Cheibriados
Dithmenos
Elyvilon
Fedhas
Gozag
Kikubaaqudgha
Makhleb
Nemelex Xobeh
Okawaru
Pakellas
Qazlal
Ru
Sif Muna
Trog
Vehumet
Xom
Yredelemnul
Zin
The Shining One
Beogh
Jiyva
Lugonu


Innate Abilities, Weirdness & Mutations

You have a pair of small horns on your head.
A demonic guardian rushes to your aid.
You are powered by pain.


Message History

Pakellas accepts your kill.
Pakellas collects the excess magic power.
The giant leech bites your ice devil!
You swap places.
The giant leech bites you!
* * * LOW HITPOINT WARNING * * *
You focus on the pain.
You feel mightier all of a sudden.
You see here a giant frog corpse.
You closely miss the giant leech. Your headbutt misses the giant leech.
The blink frog blinks!
The giant leech bites you but does no damage.
You thump the giant leech! You headbutt the giant leech.
The giant leech is moderately wounded.
The blink frog blinks!
The giant leech bites you but does no damage.
You hit the giant leech. Your headbutt misses the giant leech.
The giant leech is moderately wounded.
The giant leech bites you!!
You die...
Pakellas says: Good help is so hard to find these days!

▓▓▓▓▓▓▓▓▓▓▓▓▓▓▓▓▓▓▓▓▓▓▓▓
...††'........34@wFFFFF.
▓▓▓▓▓▓▓▓▓▓▓▓▓▓▓▓▓▓▓▓▓▓▓▓▓▓▓▓▓▓▓▓▓
.................................
▓▓▓▓▓▓▓▓▓▓▓▓▓▓▓▓▓▓▓▓▓▓▓▓▓▓▓▓▓▓▓▓▓
_____________'..|(()..[÷.).(.((..
▓▓▓▓▓▓▓▓▓▓▓▓▓▓▓▓▓▓▓▓▓▓▓▓▓▓▓▓▓▓▓▓▓


You could see a giant leech, 2 blink frogs, 3 giant frogs, a friendly ice devil
and a friendly smoke demon.

Vanquished Creatures
  A centaur warrior (D)
  A cyclops (D)
  A spiny frog (D)
  A giant leech (D)
  A water moccasin (D)
  A necrophage (D)
  A centaur (D)
  2 ogres (D)
  2 giant frogs (D)
  A killer bee (D)
  A hound (D)
  3 adders (D)
  A shadow imp (D)
  A dart slug (D)
  A bat zombie (D)
  2 goblins (D)
  A ball python zombie (D)
  A bat (D)
  A giant newt (D)
  A rat (D)
25 creatures vanquished.

Vanquished Creatures (collateral kills)
  A skeletal warrior (D)
  A hill giant (D)
  A black mamba (D)
  A spiny frog (D)
  A yak (D)
  A water moccasin (D)
  2 porcupines (D)
  A crocodile (D)
  3 giant frogs (D)
  2 iguanas (D)
  2 sheep (D)
  A river rat (D)
17 creatures vanquished.

Grand Total: 42 creatures vanquished

Notes
Turn   | Place    | Note
--------------------------------------------------------------
     0 | D        | Radrad the Demonspawn Fighter began the quest for the Orb.
     0 | D        | Reached XP level 1. HP: 18/18 MP: 1/1
    62 | D        | Noticed an ogre
    62 | D        | Noticed an ogre
    68 | D        | Killed an ogre
    68 | D        | Reached skill level 5 in Fighting
    68 | D        | Reached skill level 1 in Dodging
    68 | D        | Gained mutation: A weak demonic guardian rushes to your aid. [demonic ancestry]
    68 | D        | Reached XP level 2. HP: 27/27 MP: 2/2
    68 | D        | Gained mutation: You sometimes gain a little power by taking damage. [demonic ancestry]
    68 | D        | Reached XP level 3. HP: 33/33 MP: 3/3
    68 | D        | Gained mutation: You sometimes gain power by taking damage. [demonic ancestry]
    68 | D        | Reached XP level 4. HP: 39/39 MP: 4/4
    70 | D        | Reached skill level 5 in Armour
    75 | D        | Killed an ogre
    75 | D        | Reached skill level 5 in Shields
    75 | D        | Reached XP level 5. HP: 47/47 MP: 5/5
    83 | D        | Found a glowing silver altar of Zin.
    83 | D        | Found a glowing golden altar of the Shining One.
    83 | D        | Found an ancient bone altar of Kikubaaqudgha.
    83 | D        | Found a basalt altar of Yredelemnul.
    83 | D        | Found a shimmering altar of Xom.
    83 | D        | Found a radiant altar of Vehumet.
    84 | D        | Found an iron altar of Okawaru.
    85 | D        | Found a burning altar of Makhleb.
    86 | D        | Found a deep blue altar of Sif Muna.
    87 | D        | Found a bloodstained altar of Trog.
    88 | D        | Found a sparkling altar of Nemelex Xobeh.
    89 | D        | Found a white marble altar of Elyvilon.
    90 | D        | Found a roughly hewn altar of Beogh.
    91 | D        | Found a viscous altar of Jiyva.
    92 | D        | Found a corrupted altar of Lugonu.
    93 | D        | Found a blossoming altar of Fedhas.
    94 | D        | Found a snail-covered altar of Cheibriados.
    95 | D        | Found a shadowy altar of Dithmenos.
    96 | D        | Found a stormy altar of Qazlal.
    97 | D        | Found an opulent altar of Gozag.
    98 | D        | Found a sacrificial altar of Ru.
    99 | D        | Found an oddly glowing altar of Pakellas.
   110 | D        | Became a worshipper of Pakellas the Inventive
   163 | D        | Noticed a necrophage
   163 | D        | Noticed a centaur
   165 | D        | Killed a necrophage
   165 | D        | Reached * piety under Pakellas
   165 | D        | Received a gift from Pakellas
   165 | D        | Gained mutation: You have a pair of small horns on your head. [demonic ancestry]
   165 | D        | Reached XP level 6. HP: 55/55 MP: 5/7
   179 | D        | Reached ** piety under Pakellas
   179 | D        | Received a gift from Pakellas
   229 | D        | Noticed a cyclops
   229 | D        | Noticed a hill giant
   229 | D        | Noticed a skeletal warrior
   229 | D        | Noticed a centaur warrior
   243 | D        | Killed a hill giant
   243 | D        | Reached *** piety under Pakellas
   243 | D        | Received a gift from Pakellas
   243 | D        | Reached skill level 5 in Maces & Flails
   243 | D        | Reached skill level 5 in Evocations
   243 | D        | Reached XP level 7. HP: 33/63 MP: 9/11
   269 | D        | Killed a cyclops
   269 | D        | Gained mutation: A demonic guardian rushes to your aid. [demonic ancestry]
   269 | D        | Reached XP level 8. HP: 28/71 MP: 10/12
   290 | D        | Killed a skeletal warrior
   294 | D        | HP: 3/71 [centaur warrior/arrow (25)]
   302 | D        | Killed a centaur warrior
   302 | D        | Reached **** piety under Pakellas
   302 | D        | Received a gift from Pakellas
   603 | D        | Identified the Handbook of Absolutism (You found it in the Dungeon)
   616 | D        | Noticed a spiny frog
   621 | D        | Reached skill level 10 in Fighting
   639 | D        | Gained mutation: You are powered by pain. [demonic ancestry]
   639 | D        | Reached XP level 9. HP: 74/78 MP: 10/14
   654 | D        | Killed a spiny frog
   654 | D        | Reached ***** piety under Pakellas
   654 | D        | Received a gift from Pakellas
   851 | D        | Noticed a spiny frog
   851 | D        | Noticed a black mamba
   861 | D        | Killed a spiny frog
   861 | D        | Reached skill level 10 in Shields
   862 | D        | Reached ****** piety under Pakellas
   870 | D        | Reached skill level 10 in Armour
   875 | D        | Killed a black mamba
   998 | D        | Noticed a giant leech
  1007 | D        | Noticed a giant leech
  1025 | D        | Killed a giant leech
  1029 | D        | Slain by a giant leech

Vault maps used:
D:        linesprint

Skill      XL: |  1  2  3  4  5  6  7  8  9 |
---------------+----------------------------+-----
Armour         | 4 6 8 9 10 | 10.1
Shields        | 4 5 6 8 9 10 | 10.5
Maces & Flails | 3 4 5 6 8 |  8.4
Fighting       | 5 6 7 8 9 10 | 10.6
Dodging        | 1 2 3 4 |  4.8
Evocations     | 2 5 6 7 8 |  8.7

Action                   |  1- 3 |  4- 6 |  7- 9 || total
-------------------------+-------+-------+-------++-------
Melee: Flail             |    25 |    22 |    82 ||   129
       Headbutt          |       |       |    18 ||    18
Evoke: Wand              |       |     8 |     1 ||     9
       Box of beasts     |       |     1 |     1 ||     2
  Use: Potion            |     1 |       |     2 ||     3
 Stab: Paralysed         |       |       |     1 ||     1
  Eat: Chunk             |       |       |     1 ||     1
Armor: Scale mail        |    14 |     1 |       ||    15
       Plate armour      |       |     7 |    31 ||    38
Dodge: Dodged            |     6 |    10 |    15 ||    31
Block: Shield            |    12 |     8 |    43 ||    63
